 Dungeon Crawl Stone Soup version 0.25-a0-245-gd0e028f (webtiles) character file.

Game seed: 987413866929076249, levelgen mode: deterministic

4929 Letos the Carver (level 10, -2/76 HPs)
             Began as a Formicid Fighter on Dec 2, 2019.
             Was a Follower of Okawaru.
             Slain by a two-headed ogre
             ... wielding a +0 giant club
              (13 damage)
             ... on level 8 of the Dungeon.
             The game lasted 00:12:41 (6505 turns).

Letos the Carver (Formicid Fighter)                 Turns: 6505, Time: 00:12:42

Health: -2/76      AC: 14    Str: 24    XL:     10   Next: 81%
Magic:  12/12      EV: 10    Int:  8    God:    Okawaru [*.....]
Gold:   396        SH: 13    Dex: 10    Spells: 9/9 levels left

rFire    . . .     SeeInvis +   v - +1 long sword
rCold    . . .     Gourm    .   c - +0 shield
rNeg     + . .     Faith    .   H - +3 chain mail {rN+}
rPois    .         Spirit   .   (helmet unavailable)
rElec    .         Reflect  +   o - +0 cloak
rCorr    +         Harm     .   (no gloves)
MR       +....                  (no boots)
Stlth    ..........             q - +2 amulet of reflection
HPRegen  0.22/turn              A - +2 ring of evasion
MPRegen  0.13/turn              z - ring of resist corrosion

@: no status effects
A: permanent stasis, dig shafts and tunnels, four strong arms, antennae 3
a: Dig, Shaft Self, Heroism, Renounce Religion


You were on level 8 of the Dungeon.
You worshipped Okawaru.
Okawaru was aware of your devotion.
You were not hungry.

You visited 2 branches of the dungeon, and saw 9 of its levels.

You collected 396 gold pieces.

Inventory:

Hand Weapons
 v - a +1 long sword (weapon)
Armour
 c - a +0 shield (worn)
 o - a +0 cloak (worn)
 H - a +3 chain mail of positive energy (worn)
Jewellery
 a - an uncursed ring of protection from magic
 q - a +2 amulet of reflection (around neck)
 y - an uncursed ring of ice
 z - a ring of resist corrosion (right hand)
 A - a +2 ring of evasion (left hand)
 D - an uncursed ring of wizardry
Wands
 d - a wand of random effects (18)
 x - a wand of iceblast (6)
Scrolls
 b - a scroll of identify
 e - 3 scrolls of fear
 h - 4 scrolls of remove curse
 m - a scroll of magic mapping
 r - 3 scrolls of enchant armour
Potions
 g - a potion of agility
 j - 2 potions of mutation {unknown}
 l - 3 potions of lignification
 p - 6 potions of curing
 t - a potion of heal wounds
 u - a potion of flight
 E - a potion of resistance
 G - a potion of cancellation
Comestibles
 f - 6 rations
 i - 3 chunks of flesh


   Skills:
 + Level 6.0 Fighting
 * Level 11.7 Long Blades
 + Level 5.4 Armour
 - Level 9.0 Shields
 + Level 3.0 Invocations


You had 9 spell levels left.
You didn't know any spells.
Your spell library contained the following spells:

 Spells                   Type           Power        Failure   Level  Hunger
 Summon Small Mammal      Summ           #...         96%         1    ##.....
 Call Imp                 Summ           #.......     99%         2    ###....
 Poisonous Vapours        Pois/Air       #.....       99%         2    ###....
 Aura of Abjuration       Summ           #.........   100%        5    ######.
 Dragon's Call            Summ           #.........   100%        9    #######


Dungeon Overview and Level Annotations

Branches:
Dungeon (8/15)             Temple (1/1) D:7
   Lair: D:8-11

Altars:
Ashenzari
Cheibriados
Dithmenos
Elyvilon
Hepliaklqana
Kikubaaqudgha
Makhleb
Nemelex Xobeh
Okawaru
Qazlal
Ru
Sif Muna
Trog
Uskayaw
Wu Jian
Xom
Yredelemnul
Zin
The Shining One

Shops:
D:5 [   D:7 [

Annotations:
D:6 2 runed translucent doors


Innate Abilities, Weirdness & Mutations

You cannot be hasted, slowed, berserked, paralysed or teleported.
You can dig through walls and to a lower floor.
Your four strong arms can wield two-handed weapons with a shield.
You have a pair of large antennae on your head. (SInv)


Message History

The two-headed ogre hits you with a +0 giant club!
* * * LOW HITPOINT WARNING * * *
The two-headed ogre completely misses you.
You hit the two-headed ogre.
The two-headed ogre is moderately wounded.
You hit the two-headed ogre.
The two-headed ogre is heavily wounded.
You block the two-headed ogre's attack.
The two-headed ogre hits you with a +0 giant club.
* * * LOW HITPOINT WARNING * * *
You slash the two-headed ogre!
The two-headed ogre is severely wounded.
The two-headed ogre misses you. You block the two-headed ogre's attack.
You hit the two-headed ogre.
The two-headed ogre is severely wounded.
You hit the two-headed ogre.
The two-headed ogre is almost dead.
You block the two-headed ogre's attack.
The two-headed ogre hits you with a +0 giant club!
You die...

###########
#.........######...
######......>.(†@....(..
#..............#O..[....
#......#####'###........
#......# #............
#......# #............
#......# #####........
#......# '........
#.>....### #........
#......+.# .


You could see a two-headed ogre.

Vanquished Creatures
  Maurice (D:7)
  Prince Ribbit (D:7)
  2 hippogriffs
  A hungry ghost (D:6)
  3 steam dragons
  A water moccasin (D:6)
  Duvessa (D:7)
  A porcupine (D:8)
  2 sky beasts (D:6)
  4 ice beasts
  An orc warrior (D:7)
  3 ogres
  A phantom (D:5)
  2 centaurs
  A gnoll sergeant (D:7)
  2 bullfrogs
  Dowan (D:7)
  3 scorpions
  3 wights (D:8)
  3 crimson imps
  5 hounds
  2 jellies (D:7)
  A bullfrog skeleton (D:4)
  7 orc priests
  Crazy Yiuf (D:7)
  3 orc wizards
  Jessica (D:2)
  3 iguanas
  5 worker ants
  A hound zombie (D:7)
  A hound skeleton (D:4)
  3 gnolls (D:7)
  14 adders
  2 shadow imps (D:7)
  An ooze (D:3)
  2 adder skeletons
  An adder zombie (D:6)
  2 worms
  2 leopard geckos
  25 orcs
  A ball python (D:1)
  6 bats
  4 giant cockroaches
  8 goblins
  7 hobgoblins
  7 jackals
  3 quokkas
  6 frilled lizards
  4 kobolds
  2 quokka zombies (D:7)
  5 rats
172 creatures vanquished.

Vanquished Creatures (others)
  A gargoyle (D:6)
  2 centaurs
  A bullfrog (D:6)
  A crimson imp (D:6)
  A hound (D:6)
  A jelly (D:6)
  An adder skeleton (D:7)
  6 fungi (D:8)
  A plant (D:8)
15 creatures vanquished.

Grand Total: 187 creatures vanquished

Notes
Turn   | Place    | Note
-------+----------+-------------------------------------------
     0 | D:1      | Letos the Formicid Fighter began the quest for the Orb.
     0 | D:1      | Reached XP level 1. HP: 18/18 MP: 1/1
   113 | D:1      | Reached XP level 2. HP: 21/24 MP: 2/2
   580 | D:2      | Reached XP level 3. HP: 29/29 MP: 3/3
   658 | D:2      | Reached skill level 3 in Long Blades
   735 | D:2      | Found a basalt altar of Yredelemnul.
   845 | D:2      | Noticed Jessica
   848 | D:2      | Killed Jessica
   848 | D:2      | Reached XP level 4. HP: 37/37 MP: 4/4
  1211 | D:3      | Reached skill level 4 in Long Blades
  1255 | D:3      | Reached XP level 5. HP: 19/42 MP: 5/5
  1799 | D:3      | Found a white marble altar of Elyvilon.
  1803 | D:3      | Found a snail-covered altar of Cheibriados.
  1803 | D:3      | Found a shadowy altar of Dithmenos.
  1962 | D:3      | Found a basalt altar of Yredelemnul.
  1966 | D:3      | Found a stormy altar of Qazlal.
  2047 | D:4      | Reached XP level 6. HP: 46/48 MP: 6/6
  2073 | D:4      | Reached skill level 5 in Long Blades
  2801 | D:4      | Found an ornate altar of the Wu Jian Council.
  2818 | D:4      | Reached skill level 5 in Shields
  2964 | D:5      | Entered Level 5 of the Dungeon
  2965 | D:5      | Noticed a phantom
  2994 | D:5      | Killed a phantom
  2994 | D:5      | Reached skill level 6 in Long Blades
  2994 | D:5      | Reached XP level 7. HP: 31/54 MP: 7/7
  3450 | D:5      | Found Xeozame's Armour Shoppe.
  3592 | D:5      | Reached skill level 7 in Long Blades
  3821 | D:6      | Noticed a hungry ghost
  3821 | D:6      | Reached XP level 8. HP: 59/60 MP: 8/8
  3881 | D:6      | Reached skill level 8 in Long Blades
  4017 | D:6      | Reached XP level 9. HP: 56/65 MP: 9/9
  4074 | D:6      | Reached skill level 9 in Long Blades
  4250 | D:6      | Found a large runed translucent door.
  4250 | D:6      | Found a large runed translucent door.
  4258 | D:6      | Noticed a gargoyle
  4264 | D:6      | Found a large runed translucent door.
  4264 | D:6      | Found a large runed translucent door.
  4474 | D:6      | Banished a gargoyle
  4670 | D:6      | Identified the Volume of Supportive Venom
  4726 | D:6      | Reached skill level 10 in Long Blades
  5283 | D:7      | HP: 1/66 [steam dragon] (5)]
  5286 | D:7      | Reached XP level 10. HP: 27/73 MP: 10/10
  5583 | D:7      | Found Cestag's Armour Emporium.
  5585 | D:7      | Noticed Dowan
  5591 | D:7      | Noticed Duvessa
  5606 | D:7      | Killed Duvessa
  5606 | D:7      | Reached skill level 11 in Long Blades
  5616 | D:7      | Killed Dowan
  5616 | D:7      | Reached skill level 5 in Fighting
  5799 | D:7      | Found a staircase to the Ecumenical Temple.
  5808 | Temple   | Entered the Ecumenical Temple
  5863 | Temple   | Became a worshipper of Warmaster Okawaru
  5940 | D:7      | Noticed Prince Ribbit
  5977 | D:7      | Found a glowing silver altar of Zin.
  5999 | D:7      | Killed Prince Ribbit
  5999 | D:7      | Reached skill level 1 in Invocations
  6064 | D:7      | Found a runed translucent door.
  6065 | D:7      | Noticed Crazy Yiuf
  6075 | D:7      | Killed Crazy Yiuf
  6258 | D:8      | Noticed Maurice
  6328 | D:7      | Killed Maurice
  6328 | D:7      | Reached skill level 5 in Armour
  6350 | D:8      | Reached * piety under Okawaru
  6493 | D:8      | Noticed a two-headed ogre
  6505 | D:8      | Slain by a two-headed ogre

Levels and vault maps discovered:
D:1:      noname_arrival_rooms_in_the_neighbourhood, layout_rooms
D:2:      layout_basic, first_ration, kennysheep_doodads, minmay_hexomino_r4,
          uniq_jessica
D:3:      layout_rooms, minmay_overflow_temple_star_hex
D:4:      layout_gridville, lemuel_round_altar
D:5:      layout_gridville, serial_shops, nicolae_shop_statue_plus
D:6:      layout_cave_pools, serial_column_ruins, column_ruins_circle_medium,
          column_ruins_hut, column_ruins_grid_1, column_ruins_columns_corner,
          column_ruins_open_medium, column_ruins_grid_2, grunt_ministairs_12,
          minmay_hollow_rounded_squares
D:7:      cheibrodos_steamvent, layout_cave_pools, zin_statuary,
          minmay_temple_entry_crystal_x, serial_shops, nicolae_shop_waterfront,
          uniq_duvessa, uniq_crazy_yiuf_cottage, uniq_prince_ribbit1
D:8:      layout_basic, due_lair_maze_entry_diamond, ebering_ghost_gozag,
          uniq_maurice
Temple:   regret_index_temple_waves

Skill      XL: |  1  2  3  4  5  6  7  8  9 10 |
---------------+-------------------------------+-----
Long Blades    | 3 4 6 7 8 10 11 | 11.7
Fighting       | 4 6 |  6.0
Shields        | 4 5 6 7 9 |  9.0
Armour         | 5 |  5.4
Invocations    | 3 |  3.0

Action                   |  1- 3 |  4- 6 |  7- 9 | 10-12 || total
-------------------------+-------+-------+-------+-------++-------
Melee: Long sword        |    90 |   220 |   284 |   214 ||   808
Invok: Heroism           |       |       |       |     1 ||     1
 Abil: Dig               |       |     5 |     5 |     4 ||    14
  Use: Scroll            |       |     4 |       |    15 ||    19
       Potion            |       |       |     3 |     3 ||     6
  Eat: Chunk             |       |     7 |     6 |     2 ||    15
       Ration            |       |       |     2 |     1 ||     3
Armor: Scale mail        |    67 |    75 |       |       ||   142
       Chain mail        |       |    59 |   117 |    54 ||   230
Dodge: Dodged            |    62 |    94 |   117 |    44 ||   317
Block: Other             |       |    18 |    16 |       ||    34
       Shield            |       |       |    29 |   112 ||   141
       Reflection        |       |       |       |    11 ||    11
       Rpst.: Long sword |    27 |    28 |    38 |    10 ||   103

Table legend:
 A = Non-vault XP
 B = Vault XP
 C = Vault XP percentage of total XP
 D = Non-vault monster count
 E = Vault monster count
 F = Vault count percentage of total count
                 A         B        C        D         E       F
            +---------+---------+-------+---------+---------+-------
      Total |    4740 |    2302 |  32.7 |     157 |      22 |  12.3
            +---------+---------+-------+---------+---------+-------
        D:1 |      25 |       0 |   0.0 |      14 |       0 |   0.0
        D:2 |      37 |      42 |  53.2 |      16 |       5 |  23.8
        D:3 |     108 |       0 |   0.0 |      26 |       0 |   0.0
        D:4 |     306 |       0 |   0.0 |      16 |       0 |   0.0
        D:5 |     489 |       0 |   0.0 |       8 |       0 |   0.0
        D:6 |    1432 |     651 |  31.3 |      26 |       8 |  23.5
        D:7 |    1414 |    1291 |  47.7 |      35 |       7 |  16.7
        D:8 |     929 |     318 |  25.5 |      16 |       2 |  11.1
            +---------+---------+-------+---------+---------+-------
